 Dungeon Crawl Stone Soup version 0.32-a0-391-gce5c0aab1b (webtiles) character file.

Game seed: 13110807463937155100

7 Bravepunisher the Ducker (level 1, 9/11 HPs)
             Began as a Spriggan Monk on Feb 19, 2024.
             Quit the game in the Ecumenical Temple.
             The game lasted 00:01:21 (175 turns).

Bravepunisher the Ducker (Spriggan Monk)             Turns: 175, Time: 00:01:21

Health: 9/11       AC:  2    Str:  7    XL:     1   Next: 91%
Magic:  2/2        EV: 19    Int: 11    God:
Gold:   0          SH:  0    Dex: 17    Spells: 0/0 levels left

rFire   . . .        d - +2 dagger (venom)
rCold   . . .        (no shield)
rNeg    . . .        b - +0 robe
rPois   .            (helmet restricted)
rElec   .            (no cloak)
rCorr   .            (gloves unavailable)
SInv    +            (boots unavailable)
Will    .....        (no amulet)
Stlth   ++           (no ring)
HPRegen 0.21/turn    (no ring)
MPRegen 0.08/turn

%: no passive effects
@: very quick
A: very small, no large weapons, unfitting armour, see invisible, speed 3
a: no special abilities


You were in the Ecumenical Temple.
You visited 2 branches of the dungeon, and saw 5 of its levels.

Inventory:

Hand Weapons
 d - a +2 dagger of venom (weapon)
Armour
 b - a +0 robe (worn)
Potions
 c - a potion of ambrosia


   Skills:
 + Level 2.5 Fighting
 - Level 3.2 Short Blades
 * Level 4.5 Dodging


You couldn't memorise any spells.
You didn't know any spells.
Your spell library was empty.

Dungeon Overview and Level Annotations

Branches:
Dungeon (4/15)             Temple (1/1) D:4

Altars:
Ashenzari
Cheibriados
Elyvilon
Gozag
Hepliaklqana
Kikubaaqudgha
Nemelex Xobeh
Qazlal
Sif Muna
Vehumet
Wu Jian
Xom
Zin

Annotations:
D:3 Terence


Innate Abilities, Weirdness & Mutations

You are very small and have problems with some larger weapons.
You are too small for most types of armour.
You have supernaturally acute eyesight. (SInv)
You cover ground extremely quickly. (Speed+++)


Message History

The endoplasm is heavily wounded.
You hit the endoplasm.
The endoplasm is almost dead.
The endoplasm misses you.
You hit the endoplasm.
You kill the endoplasm!
d - a +2 dagger of venom Your +2 dagger of venom begins to drip with poison!
d - a +2 dagger of venom (weapon)
You drop a +0 short sword.
Found a stone staircase leading down.
There is a stone staircase leading down here.
You climb downwards.
Found 2 sedimented emerald potions.
There is a stone staircase leading up here.
An endoplasm comes into view.
The hound barks! 2 gnolls come into view.
The endoplasm quivers.
The gnoll shouts! x2; You hear a shout! x2
A gnoll comes into view. It is wielding a +0 whip.
Found a stone staircase leading down.
The gnoll attacks as it pursues you! The gnoll hits you with a +0 club!
Ouch! That really hurt!
Found a stone staircase leading down.
The gnoll attacks as it pursues you! The gnoll misses you.
There is a stone staircase leading down here.
A gnoll comes into view. It is wielding a +0 halberd.
The gnoll moves out of view.
An adder comes into view.
Found a scroll labelled RIEM DIUMEGIN.
The adder moves out of view.
Found a scroll labelled QONGOSK IQIE.
The adder hisses angrily.
Found a serpent talisman.
Found a staircase to the Ecumenical Temple.
There is a staircase to the Ecumenical Temple here.
You climb downwards.
Welcome to the Ecumenical Temple!
Found a staircase back to the Dungeon.
There is a staircase back to the Dungeon here.
Are you sure you want to abandon this character and quit the game? (Confirm with "yes".)

#.._..###.....###.._..#
#.....##.......##.....#
##...+#.........#+...##
#####.....#.....#####
#.....###.....#
#######....#####....#######
##...##....#+...+#....##...##
#.....#...##.....##...#.....#
#.._..+...##..@..##...+.._..#
#.....#...##.....##...#.....#
##...##....#+...+#....##...##
#######....#####....#######
#.....###.....#
#####...........#####
##...+#.........#+...##
#.....###.....###.....#
#.._..# ###+### #.._..#


There were no monsters in sight!

Vanquished Creatures
  An endoplasm (D:3)
  A hobgoblin (D:3)
  A quokka (D:1)
  A kobold (D:3)
4 creatures vanquished.

Notes
Turn   | Place    | Note
-------+----------+-------------------------------------------
     0 | D:1      | Bravepunisher the Spriggan Monk began the quest for the
                  | Orb.
     0 | D:1      | Reached XP level 1. HP: 11/11 MP: 2/2
    62 | D:3      | Noticed Terence
   133 | D:4      | Noticed a hound
   133 | D:4      | Noticed a bombardier beetle
   170 | D:4      | Found a staircase to the Ecumenical Temple.
   174 | Temple   | Entered the Ecumenical Temple
   175 | Temple   | Quit the game

Illustrated notes

Levels and vault maps discovered:
D:1:      psy_arrival_terrarium, layout_basic
D:2:      layout_rooms, chequers_ecumenical_altar_lobes
D:3:      layout_loops_corners, overflow_temple_1_default,
          minmay_close_crescents, uniq_natasha, uniq_crazy_yiuf_cottage,
          uniq_terence
D:4:      minmay_chambers_of_threes, layout_rooms, minmay_temple_entry_ruins,
          serial_rivers, chequers_serial_rivers_marsh,
          chequers_serial_rivers_micro_d, chequers_serial_rivers_marsh,
          chequers_serial_rivers_small_a, chequers_serial_rivers_large_b
Temple:   nicolae_temple_figure_eight

Action                     || total
---------------------------++-------
  Melee: Short sword       ||    18
 Armour: Robe              ||     2
  Dodge: Dodged            ||    16

Table legend: (Time is in decaauts)
 A = Elapsed time spent in this place.
 B = Non-inter-level travel time spent in this place.
 C = Inter-level travel time spent in this place.
 D = Time resting spent in this place.
 E = Time spent auto-exploring this place.
 F = Levels seen in this place.
 G = Mean time per level.
                   A        B        C        D        E       F      G
               +--------+--------+--------+--------+--------+-----+--------+
         Total |    116 |    116 |      0 |      0 |     11 |   5 |   23.2 |
       Dungeon |    115 |    115 |      0 |      0 |     11 |   4 |   28.8 |
        Temple |      0 |      0 |      0 |      0 |      0 |   1 |    0.0 |
               +--------+--------+--------+--------+--------+-----+--------+

Top non-repeatable levels by time:
     D:3: 55 daAuts
     D:1: 28 daAuts
     D:4: 25 daAuts
     D:2: 6 daAuts
  Temple: 0 daAuts
